 Dungeon Crawl Stone Soup version 0.26.1-11-gd32895ea62 (webtiles) character file.

Game seed: 14694458075612249857

42 JBAR the Scratcher (level 3, 0/15 HPs)
             Began as a Felid Transmuter on June 28, 2021.
             Slain by a ball python (1 damage)
             ... on level 2 of the Dungeon.
             The game lasted 00:03:45 (1526 turns).

JBAR the Scratcher (Felid Transmuter)               Turns: 1526, Time: 00:03:45

Health: 0/15       AC:  1    Str:  6    XL:     3   Next: 33%
Magic:  7/7        EV: 15    Int: 14    God:
Gold:   36         SH:  0    Dex: 17    Spells: 5/6 levels left
                                        Lives:  0   Deaths: 0

rFire    . . .     SeeInvis +     - Unarmed
rCold    . . .     Faith    .   (shield unavailable)
rNeg     . . .     Spirit   .   (armour unavailable)
rPois    .         Reflect  .   (helmet unavailable)
rElec    .         Harm     .   (cloak unavailable)
rCorr    .         Rampage  .   (gloves unavailable)
Will     .....                  (boots unavailable)
Stlth    ++........             (no amulet)
HPRegen  0.05/turn              (no ring)
MPRegen  0.10/turn              (no ring)

@: appendages (expiring), constricted, quick
A: very small, no armour, no weapons or thrown items, stealth, claws 1, fangs 3,
horns 2, see invisible, speed 1, shaggy fur 1, sharp paws
a: End Transformation


You were on level 2 of the Dungeon.
You had grown temporary horns.
You visited 1 branch of the dungeon, and saw 2 of its levels.

You collected 36 gold pieces.

Inventory:

Scrolls
 b - 2 scrolls of remove curse {unknown}
Potions
 a - a potion of flight {unknown}
 c - a potion of invisibility {unknown}
 d - a potion of haste {unknown}
 e - a potion of curing {unknown}
 f - a potion of mutation {unknown}
 g - a potion of magic {unknown}


   Skills:
 + Level 1.0 Fighting
 + Level 2.8 Dodging
 * Level 1.4 Stealth
 * Level 3.6 Unarmed Combat
 + Level 2.2 Spellcasting
 * Level 2.8 Transmutations


You had 5 spell levels left.
You knew the following spells:

 Your Spells              Type           Power        Failure   Level
a - Beastly Appendage     Tmut           18%          8%          1

Your spell library contained the following spells:

 Spells                   Type           Power        Failure   Level
 Wereblood                Tmut           9%           11%         2
 Spider Form              Tmut/Pois      2%           36%         3
 Ice Form                 Ice/Tmut       5%           78%         4
 Blade Hands              Tmut           4%           90%         5


Dungeon Overview and Level Annotations

Branches:
Dungeon (2/15)

Altars:
Ashenzari


Innate Abilities, Weirdness & Mutations

You cannot wear armour.
You are incapable of wielding weapons or throwing items.
Your paws allow you to move quietly. (Stealth)
You have sharp claws.
You have razor-sharp teeth.
You have supernaturally acute eyesight. (SInv)
You cover ground quickly.
You are covered in fur. (AC +1)
Your sharp claws are effective at attacking unaware monsters.
You have a pair of horns on your head.


Message History

* * * LOW HITPOINT WARNING * * *
The ball python constricts you.
You escape the ball python's grasp.
The ball python barely misses you. The ball python closely misses you.
The kobold hits you but does no damage. The ball python barely misses you.
The ball python closely misses you.
You scratch the ball python.
The ball python is heavily wounded.
The ball python completely misses you. The ball python grabs you.
* * * LOW HITPOINT WARNING * * *
The ball python constricts you.
You closely miss the ball python. Your bite misses the ball python.
The ball python is heavily wounded.
The ball python misses you.
* * * LOW HITPOINT WARNING * * *
The ball python constricts you.
You closely miss the ball python.
The ball python is moderately wounded.
The ball python bites you but does no damage.
You die...

#..#.#..........
...##.##..P8.###
#..##......8..#
#.. #...##..8.#
#######.##....#
.....####..#
...[.## #.##
....... #.#
....#. #@#
......##S#
#####..ZK#
##........##
#..........#
#......†...#
#..........#
#..........#
...........#


You could see an adder zombie, a ball python and a kobold.

Vanquished Creatures
  An ooze (D:1)
  An adder skeleton (D:2)
  2 dart slugs
  2 leopard geckos
  2 giant cockroaches (D:1)
  4 goblins
  2 hobgoblins (D:1)
  5 bats
  3 frilled lizards (D:1)
  3 kobolds (D:1)
  4 rats
29 creatures vanquished.

Notes
Turn   | Place    | Note
-------+----------+-------------------------------------------
     0 | D:1      | JBAR the Felid Transmuter began the quest for the Orb.
     0 | D:1      | Reached XP level 1. HP: 9/9 MP: 4/4
   341 | D:1      | Reached XP level 2. HP: 12/12 MP: 4/6
   711 | D:1      | Reached skill level 1 in Stealth
   781 | D:1      | Reached XP level 3. HP: 15/15 MP: 7/7
   960 | D:1      | You fall into a shaft and drop 1 floor!
  1006 | D:2      | Found a broken altar of Ashenzari.
  1526 | D:2      | Slain by a ball python

Illustrated notes

Levels and vault maps discovered:
D:1:      sevenhm_arrival_forest_fort_large_1, layout_basic
D:2:      layout_rooms, serial_undead, serial_undead_a, serial_undead_e,
          serial_undead_c, serial_undead_a, small_statue_intersection,
          minmay_crystal_room, evilmike_ruin_ashenzari

Skill      XL: |  1  2 |
---------------+-------+-----
Stealth        | 1 |  1.4
Fighting       | |  1.0
Dodging        | |  2.8
Unarmed Combat | |  3.6
Spellcasting   | |  2.2
Transmutations | |  2.8

Action                   || total
-------------------------++-------
Melee: Unarmed           ||    78
       Headbutt          ||     8
       Bite              ||     3
 Cast: Beastly Appendage ||    17
 Stab: Sleeping          ||     3
Armor: Skin              ||     6
Dodge: Dodged            ||    75
